[Event "Late-Titled-Tuesday-Blitz-March-26-2024"]
[Site "Chess.com"]
[Date "2024.03.26"]
[Round "1"]
[White "Supelyel"]
[Black "aa175"]
[Result "1/2-1/2"]
[WhiteElo "2408"]
[BlackElo "2719"]
[TimeControl "180+1"]
[EndTime "14:05:13 PDT"]
[Termination "Game drawn by agreement"]

1. c4 c6 2. Nc3 d5 3. cxd5 cxd5 4. d4 Nf6 5. Bf4 Nc6 6. e3 Bf5 7. h3 e6 8. Bd3 Bxd3 9. Qxd3 Bd6 10. Bxd6 Qxd6 11. Nf3 O-O 12. O-O Rfc8 13. a3 a6 14. b4 b5 15. Rfc1 Rc7 16. Qd2 Rac8 17. Ne1 Nb8 18.
Nd3 Nbd7 19. Nc5 Nb6 20. a4 Nc4 21. Qe2 Qc6 22. axb5 axb5 23. Ra6 Qe8 24. Rca1 h6 25. R1a2 e5 26. Rxf6 gxf6 27. Nxd5 Rc6 28. Ra7 exd4 29.
Qg4+ Kh8 30. Qxd4 Qe5 31. Ne7 Rxc5 32. bxc5 Re8 33. Qxe5 1/2-1/2

[Event "Late-Titled-Tuesday-Blitz-March-26-2024"]
[Site "Chess.com"]
[Date "2024.03.26"]
[Round "1"]
[White "GMG"]
[Black "wild3000"]
[Result "1-0"]
[WhiteElo "2788"]
[BlackElo "2425"]
[TimeControl "180+1"]
[EndTime "14:05:15 PDT"]
[Termination "GMG won by resignation"]

1. d4 d5 2. c4 e6 3. Nf3 Nf6 4. Nc3 c5 5. e3 Nc6 6. a3 cxd4 7.
exd4 Be7 8. Bd3 dxc4 9. Bxc4 O-O 10. O-O a6 11. Re1 b5 12. Ba2 Bb7 13. d5 exd5 14. Nxd5 Nxd5 15. Bxd5 Bf6 16. Bf4 Na5 17. Bxb7 Nxb7 18.
Be5 Na5 19. Qxd8 Bxd8 20. Bd6 Nb3 21. Bxf8 Nxa1 22. Re8 f6 23. Be7+ Kf7 24. Rxd8 Ra7 25. Bc5 Rc7 26. b4 Nc2 27. Rd3 a5 28. Kf1 g5 29. Rc3 axb4 30. axb4 Na1 31. Nd4 Rd7 32. Rc1 1-0

[Event "Late-Titled-Tuesday-Blitz-March-26-2024"]
[Site "Chess.com"]
[Date "2024.03.26"]
[Round "1"]
[White "GMJustin"]
[Black "Meri-Arabidze"]
[Result "0-1"]
[WhiteElo "2368"]
[BlackElo "2677"]
[TimeControl "180+1"]
[EndTime "14:05:15 PDT"]
[Termination "Meri-Arabidze won by resignation"]

1. e4 c5 2. Nf3 e6 3. d4 cxd4 4.
Nxd4 Nc6 5. Nc3 a6 6. Nxc6 bxc6 7. Qd3 d5 8. Bd2 Nf6 9. O-O-O Be7 10. Qg3 O-O 11.
Bh6 Ne8 12. Bf4 Kh8 13. Bd3 Nd6 14. h4 d4 15. e5 Nf5 16. Bxf5 exf5 17. Bg5 c5 18.
Bxe7 Qxe7 19. Nd5 Qb7 20. Nf4 Be6 21. b3 a5 22. h5 h6 23. Qf3 Qb4 24. Nd5 Qa3+ 25.
Kb1 a4 26. Nc7 axb3 0-1

[Event "Late-Titled-Tuesday-Blitz-March-26-2024"]
[Site "Chess.com"]
[Date "2024.03.26"]
[Round "1"]
[White "GMKrikor"]
[Black "sorch29"]
[Result "1-0"]
[WhiteElo "2844"]
[BlackElo "2450"]
[TimeControl "180+1"]
[EndTime "14:05:16 PDT"]
[Termination "GMKrikor won by resignation"]

1. Nf3 Nf6 2. c4 g6 3. Nc3 Bg7 4. e4 d6 5. d4 O-O 6. h3 Na6 7. Bg5 h6 8. Be3 e5 9. Bd3 exd4 10. Bxd4 Nc5 11. O-O a5 12. Bc2 Be6 13. b3 Nfd7 14. Re1 Re8 15. Bxg7 Kxg7 16. Qd2 Ne5 17. Nd4 Nc6 18.
Ndb5 a4 19. Nd5 Bxd5 20. cxd5 Na7 21. Nxa7 Rxa7 22. b4 Nd7 23. Qd4+ 1-0

[Event "Late-Titled-Tuesday-Blitz-March-26-2024"]
[Site "Chess.com"]
[Date "2024.03.26"]
[Round "1"]
[White "SultaiC"]
[Black "Anton_Demchenko"]
[Result "0-1"]
[WhiteElo "2506"]
[BlackElo "2969"]
[TimeControl "180+1"]
[EndTime "14:05:22 PDT"]
[Termination "Anton_Demchenko won by resignation"]

1. e4 e5 2. Nf3 Nc6 3. Bc4 Nf6 4. d3 Be7 5. Nc3 O-O 6. O-O d6 7. h3 Be6 8. Be3 Qd7 9. Nd5 Bxd5 10. exd5 Na5 11.
a4 Nxc4 12. dxc4 a5 13. b3 b6 14. Re1 h6 15. Qe2 Nh7 16. Bd2 Rfe8 17. Rad1 f5 18.
Bc3 Bf6 19. Nh2 Qf7 20. Qf3 e4 21. Qe3 f4 22. Qd2 Bxc3 23. Qxc3 Re7 24. Re2 Rae8 25. Rde1 Qg6 26. Kh1 h5 27. Nf1 Nf6 28. Nd2 Re5 29.
Qd4 f3 0-1

[Event "Late-Titled-Tuesday-Blitz-March-26-2024"]
[Site "Chess.com"]
[Date "2024.03.26"]
[Round "1"]
[White "Eloist"]
[Black "ckgchess"]
[Result "0-1"]
[WhiteElo "2485"]
[BlackElo "2907"]
[TimeControl "180+1"]
[EndTime "14:05:23 PDT"]
[Termination "ckgchess won on time"]

1. e4 c5 2. Nf3 d6 3. Bb5+ Nd7 4. O-O a6 5. Bd3 e6 6. Re1 g5 7. h3 h5 8. Bf1 g4 9. Nh2 gxh3 10. g3 h4 11. g4 Bh6 12. Bxh3 Ne7 13. d3 Bxc1 14. Qxc1 Ng6 15. Nc3 Qf6 16. Ne2 e5 17. g5 Qe7 18.
Ng4 b6 19. Kh2 Bb7 20. Rg1 O-O-O 21. Nf6 Bc6 22. b4 Kb7 23. bxc5 Nxf6 24. gxf6 Qxf6 25. cxb6 d5 26. exd5 Rxd5 27. f4 exf4 28. Rf1 Re8 29. Nxf4 Nxf4 30. Qxf4 Re2+ 0-1

[Event "Late-Titled-Tuesday-Blitz-March-26-2024"]
[Site "Chess.com"]
[Date "2024.03.26"]
[Round "1"]
[White "PapaieDudu"]
[Black "Kosak12"]
[Result "0-1"]
[WhiteElo "2429"]
[BlackElo "2794"]
[TimeControl "180+1"]
[EndTime "14:05:30 PDT"]
[Termination "Kosak12 won by checkmate"]

1. e4 c5 2. Nf3 a6 3. d4 cxd4 4. Nxd4 Nf6 5. Nc3 e5 6. Nb3 Bb4 7. Bd3 d5 8. exd5 Nxd5 9. O-O Bxc3 10. bxc3 O-O 11. Bd2 Nc6 12. g3 Re8 13. a3 e4 14.
Be2 Ne5 15. Nd4 Qf6 16. f4 Nc6 17. Nxc6 Qxc6 18. c4 Qc5+ 19. Kh1 Ne3 20. Bb4 Qc6 21. Qd4 Nxc2 22. Qc3 Nxa1 23. Qxa1 Bh3 24. Rf2 e3+ 25. Rf3 Bg4 26. Kg2 Bxf3+ 27. Bxf3 Qxc4 28. Bc3 e2 29. Bxg7 e1=Q 30. Qf6 Qcf1# 0-1

[Event "Late-Titled-Tuesday-Blitz-March-26-2024"]
[Site "Chess.com"]
[Date "2024.03.26"]
[Round "1"]
[White "Russian_berezka"]
[Black "enriquebutti"]
[Result "1-0"]
[WhiteElo "2586"]
[BlackElo "2185"]
[TimeControl "180+1"]
[EndTime "14:05:30 PDT"]
[Termination "Russian_berezka won by resignation"]

1. Nf3 d5 2. g3 c5 3. Bg2 e6 4.
O-O Nf6 5. d4 Nc6 6. c3 cxd4 7.
cxd4 Ne4 8. Nbd2 Nxd2 9. Bxd2 Be7 10. Rc1 O-O 11. h4 Bd7 12. Bf4 Rc8 13. a3 Qb6 14. b4 a5 15. bxa5 Nxa5 16. Ne5 Bb5 17. a4 Bc4 18.
Nd7 Qb3 19. Nxf8 Bxf8 20. Qxb3 Nxb3 21. Rb1 Ra8 22. Rfd1 Rxa4 23. e3 b5 24. Bf1 Ra3 25. Bd3 b4 26. e4 Na5 27. Bf1 b3 28. exd5 exd5 29. Bd2 Nc6 30. Bc3 Ra2 31. Re1 f6 32. Re8 Kf7 33. Rc8 Ne7 34. Rxc4 dxc4 35. Bxc4+ 1-0

[Event "Late-Titled-Tuesday-Blitz-March-26-2024"]
[Site "Chess.com"]
[Date "2024.03.26"]
[Round "1"]
[White "1800_strength"]
[Black "thesupera12"]
[Result "1-0"]
[WhiteElo "2807"]
[BlackElo "2431"]
[TimeControl "180+1"]
[EndTime "14:05:31 PDT"]
[Termination "1800_strength won by resignation"]

1. g4 h5 2. g5 g6 3. d4 Bg7 4. Bg2 c5 5. dxc5 Qa5+ 6. c3 Qxc5 7. e4 Nc6 8. Be3 Qa5 9. Nd2 d6 10. Ne2 Bg4 11. f3 Bd7 12. O-O f6 13. f4 e5 14. Nc4 Qc7 15. Nxd6+ Ke7 16. Nb5 Qa5 17. c4 Rd8 18. fxe5 Nxe5 19. Qd6+ Kf7 20. Qxe5 Bxb5 21. Qxb5 Qxb5 22. cxb5 Rd3 23. Bxa7 Ne7 24. gxf6 Bxf6 25. e5 1-0

[Event "Late-Titled-Tuesday-Blitz-March-26-2024"]
[Site "Chess.com"]
[Date "2024.03.26"]
[Round "1"]
[White "MusicCityMaster"]
[Black "rezamahdavi2008"]
[Result "0-1"]
[WhiteElo "2451"]
[BlackElo "2846"]
[TimeControl "180+1"]
[EndTime "14:05:32 PDT"]
[Termination "rezamahdavi2008 won by resignation"]

1. d4 Nf6 2. c4 b6 3. Nf3 Bb7 4. Nc3 g6 5. Qc2 Bg7 6. e4 d6 7.
Be2 O-O 8. O-O Nbd7 9. Rd1 Re8 10.
Bg5 h6 11. Bh4 e5 12. dxe5 dxe5 13. Nd5 Qc8 14. b4 c6 15. Nxf6+ Nxf6 16. c5 a5 17.
a3 b5 18. h3 Nh5 19. g4 Nf4 20. Bf1 Qc7 21. Bg3 Red8 22. Bxf4 exf4 23. Rxd8+ Rxd8 24. Rd1 axb4 25. axb4 Bc8 26. e5 Be6 27. Rd6 Bd5 28. Bg2 Ra8 29. Qd2 g5 30. Qd4 Qe7 31. Rxd5 cxd5 32. Qxd5 Rd8 33. Qe4 Qe6 34. Nd4 Qxe5 35. Qxe5 Bxe5 36. Nxb5 Rd1+ 37. Bf1 Rb1 38. Na3 Rxb4 39.
Nc4 Bc7 40. c6 Rb1 41. Kg2 f3+ 42. Kxf3 Rxf1 43. Ne3 Rc1 44. Nd5 Bd6 45. c7 Bxc7 46. Ke4 Kg7 0-1

[Event "Late-Titled-Tuesday-Blitz-March-26-2024"]
[Site "Chess.com"]
[Date "2024.03.26"]
[Round "1"]
[White "Vahe_Danielyan"]
[Black "HanSchut"]
[Result "1-0"]
[WhiteElo "2615"]
[BlackElo "2281"]
[TimeControl "180+1"]
[EndTime "14:05:32 PDT"]
[Termination "Vahe_Danielyan won by resignation"]

1. d4 Nf6 2. Nf3 g6 3. e3 Bg7 4. Bd3 O-O 5. O-O d5 6. c4 dxc4 7. Bxc4 a6 8. Nc3 b5 9. Bb3 Bb7 10. a3 c5 11. dxc5 Nbd7 12. Qd4 Qc7 13. Qh4 Bxf3 14.
gxf3 Nxc5 15. Bc2 Rad8 16. e4 Nd3 17. Bxd3 Rxd3 18. Be3 e6 19. Rad1 Rfd8 20. Bg5 Rxd1 21. Nxd1 Qe5 22. f4 Qxe4 23. Bxf6 Rd2 24. Bxg7 Kxg7 25.
Qg3 Rd3 26. Ne3 Rd4 27. Rc1 h5 28. Qg5 Qf3 29. Qe5+ 1-0

[Event "Late-Titled-Tuesday-Blitz-March-26-2024"]
[Site "Chess.com"]
[Date "2024.03.26"]
[Round "1"]
[White "CMmauricio"]
[Black "financieru"]
[Result "1-0"]
[WhiteElo "2786"]
[BlackElo "2423"]
[TimeControl "180+1"]
[EndTime "14:05:34 PDT"]
[Termination "CMmauricio won by resignation"]

1. e4 c5 2. Nc3 e6 3. g3 a6 4.
Bg2 Nc6 5. d3 g6 6. f4 Bg7 7.
Be3 d6 8. Qd2 Nge7 9. h3 O-O 10.
Nf3 Nd4 11. O-O Rb8 12. Rae1 f5 13. Nd1 Bd7 14. c3 Nxf3+ 15. Rxf3 Bc6 16. Rff1 b6 17. Kh2 e5 18. c4 b5 19. Nc3 b4 20. Nd5 Nxd5 21. exd5 Bd7 22. fxe5 Bxe5 23. d4 cxd4 24. Bxd4 Bxd4 25. Qxd4 Re8 26. c5 Bb5 27. Rg1 dxc5 28. Qxc5 Qg5 29. d6 Bd7 30. Qd4 Rbd8 31. Bd5+ Be6 32.
Rxe6 Rxe6 33. Bxe6+ 1-0

[Event "Late-Titled-Tuesday-Blitz-March-26-2024"]
[Site "Chess.com"]
[Date "2024.03.26"]
[Round "1"]
[White "gorgeous1083"]
[Black "vangulio"]
[Result "0-1"]
[WhiteElo "2057"]
[BlackElo "2556"]
[TimeControl "180+1"]
[EndTime "14:05:36 PDT"]
[Termination "vangulio won on time"]

1. d4 Nf6 2. c4 g6 3. Nc3 Bg7 4. e4 d6 5. Nf3 O-O 6. Be2 e5 7. Be3 Ng4 8. Bg5 f6 9. Bh4 Nc6 10. d5 Ne7 11. O-O h5 12. h3 Nh6 13. c5 g5 14. Bg3 Ng6 15. b4 f5 16. Rc1 g4 17.
hxg4 hxg4 18. Nd2 f4 19. Bh2 Qg5 20. g3 Rf7 21. cxd6 cxd6 22. Nb5 Bf8 23. Rc7 Bd7 24. Rxb7 Rh7 25. gxf4 Qh5 0-1

[Event "Late-Titled-Tuesday-Blitz-March-26-2024"]
[Site "Chess.com"]
[Date "2024.03.26"]
[Round "1"]
[White "Shahdad2007"]
[Black "SuanFernandes"]
[Result "1-0"]
[WhiteElo "2633"]
[BlackElo "2311"]
[TimeControl "180+1"]
[EndTime "14:05:43 PDT"]
[Termination "Shahdad2007 won by resignation"]

1. Nf3 d5 2. c4 e6 3. g3 Nf6 4. Bg2 c5 5. cxd5 Nxd5 6. O-O Nc6 7. Nc3 Be7 8. d3 O-O 9. Bd2 b6 10. a3 Bb7 11. Rc1 Rc8 12. Qa4 Bf6 13. Nxd5 exd5 14. b4 Be7 15. bxc5 Bxc5 16. Bb4 Bxb4 17. axb4 a5 18.
bxa5 bxa5 19. Rc5 Qd6 20. Rfc1 Rfe8 21. Bh3 Rc7 22. Nd4 Nxd4 23. Qxe8+ 1-0

[Event "Late-Titled-Tuesday-Blitz-March-26-2024"]
[Site "Chess.com"]
[Date "2024.03.26"]
[Round "1"]
[White "AjedrezenMadrid"]
[Black "protectiago"]
[Result "1-0"]
[WhiteElo "2562"]
[BlackElo "2083"]
[TimeControl "180+1"]
[EndTime "14:05:43 PDT"]
[Termination "AjedrezenMadrid won on time"]

1. Nf3 c5 2. e4 Nc6 3. d4 cxd4 4. Nxd4 Nf6 5. Nc3 d6 6. Bg5 e6 7. Qd2 Be7 8. O-O-O Nxd4 9. Qxd4 O-O 10. f4 Qa5 11. e5 dxe5 12. Qxe5 Qxe5 13. fxe5 Nd5 14. Bxe7 Nxe7 15. Ne4 Nc6 16. Bb5 Nxe5 17. Rhe1 Ng6 18. Nd6 a6 19. Ba4 b5 20. Bb3 Rb8 21. g3 Bb7 22.
Nxf7 Bd5 23. Bxd5 exd5 24. Nd6 Rf2 25. Rxd5 Rxh2 26. Nf5 Rc8 27. c3 b4 28. Re3 bxc3 29. bxc3 Rxa2 30. Rd7 Ra3 31. Rxg7+ Kh8 32. Kb2 Ra5 33.
Rf7 Rb5+ 34. Kc2 Ne5 35. Ra7 Rbc5 36. Ne7 R8c7 37. Rxc7 Rxc7 38. Rxe5 1-0

[Event "Late-Titled-Tuesday-Blitz-March-26-2024"]
[Site "Chess.com"]
[Date "2024.03.26"]
[Round "1"]
[White "Vladimir_Zakhartsov"]
[Black "a_kandil"]
[Result "1-0"]
[WhiteElo "2985"]
[BlackElo "2507"]
[TimeControl "180+1"]
[EndTime "14:05:45 PDT"]
[Termination "Vladimir_Zakhartsov won by resignation"]

1. d4 Nf6 2. c4 e6 3. Nf3 Bb4+ 4. Nbd2 O-O 5. a3 Bxd2+ 6. Bxd2 h6 7. Qc2 b6 8. e4 d6 9. Bd3 Bb7 10. O-O Qe7 11. e5 dxe5 12. Nxe5 Nbd7 13. Nxd7 Nxd7 14.
Rfe1 Qd6 15. Bc3 c5 16. Rad1 cxd4 17. Bxd4 e5 18. Bxe5 Qc5 19. Bh7+ Kh8 20. Rxd7 Qc6 21. Rxb7 Qxb7 22. Be4 Qd7 23. Bxa8 Rxa8 1-0

[Event "Late-Titled-Tuesday-Blitz-March-26-2024"]
[Site "Chess.com"]
[Date "2024.03.26"]
[Round "1"]
[White "kagg1125"]
[Black "HansOnTwitch"]
[Result "0-1"]
[WhiteElo "2529"]
[BlackElo "3115"]
[TimeControl "180+1"]
[EndTime "14:05:47 PDT"]
[Termination "HansOnTwitch won by resignation"]

1. e4 c5 2. Nf3 Nc6 3. d4 cxd4 4. Nxd4 Nf6 5. Nc3 d6 6. Bg5 e6 7. Qd2 a6 8. O-O-O h6 9. Nxc6 bxc6 10. Bf4 d5 11.
Qe3 Bb4 12. exd5 cxd5 13. a3 Ba5 14. Qc5 Bb7 15. Na4 Rc8 16. Qa7 Bc6 17. Nc3 Bxc3 18. bxc3 O-O 19. f3 Qa5 20. Qxa6 Qxc3 21. Qd3 Qa5 22. Bd2 Qa8 23. Bb4 Rfe8 24. g4 Ba4 25.
Rd2 e5 26. h4 e4 27. Qd4 exf3 28. Bd3 Ne4 29. Rdh2 Qb8 30. g5 h5 31. g6 Qf4+ 32.
Kb2 Qe5 33. Qxe5 Rxe5 34. gxf7+ Kxf7 35. Rf1 Rf5 36. Be2 Rxc2+ 37. Ka1 Ng3 38. Bxf3 Rxh2 39. Bxd5+ Kg6 40. Rg1 Rxd5 0-1

[Event "Late-Titled-Tuesday-Blitz-March-26-2024"]
[Site "Chess.com"]
[Date "2024.03.26"]
[Round "1"]
[White "TimGrutter03"]
[Black "PawnEatingZombie"]
[Result "1-0"]
[WhiteElo "2583"]
[BlackElo "2178"]
[TimeControl "180+1"]
[EndTime "14:05:47 PDT"]
[Termination "TimGrutter03 won by resignation"]

1. e4 d6 2. d4 Nf6 3. Nc3 e5 4. Nge2 Nbd7 5. g3 Be7 6. Bg2 O-O 7. O-O c6 8. a4 b6 9. h3 Bb7 10. Be3 a6 11. g4 b5 12. Ng3 b4 13. Nce2 exd4 14. Nxd4 c5 15. Ndf5 Ne5 16. Nxe7+ Qxe7 17.
Nf5 Qc7 18. Qxd6 Rac8 19. Ne7+ Kh8 20. Nxc8 Rxc8 21. Qxc7 Rxc7 22. Bf4 Nfd7 23. Rad1 f6 24. Bxe5 fxe5 25. f4 h6 26. fxe5 Nxe5 27. Rf5 Nc4 28.
Rd8+ Kh7 29. h4 Nxb2 30. h5 Nc4 31. Rff8 g6 32. Rh8+ Kg7 33. Rdg8+ Kf7 34. Rxg6 1-0

[Event "Late-Titled-Tuesday-Blitz-March-26-2024"]
[Site "Chess.com"]
[Date "2024.03.26"]
[Round "1"]
[White "stepanosinovsky"]
[Black "Airquake"]
[Result "0-1"]
[WhiteElo "2367"]
[BlackElo "2675"]
[TimeControl "180+1"]
[EndTime "14:05:48 PDT"]
[Termination "Airquake won on time"]

1. e4 c5 2. Nf3 d6 3. d4 cxd4 4.
Nxd4 Nf6 5. Nc3 a6 6. Be3 g6 7.
Qd2 Bg7 8. O-O-O O-O 9. f4 b5 10. a3 Bb7 11. Bd3 Nbd7 12. Nb3 Rc8 13. h3 Rxc3 14.
Qxc3 Nxe4 15. Qb4 Ng3 16. Rhe1 Qc7 17. Bd4 e5 18. Bc3 Nc5 19. fxe5 Nxb3+ 20. cxb3 dxe5 21.
Kb1 e4 22. Bc2 Bxc3 23. Qxc3 Qb8 24. Re3 Nf5 25. Ree1 Rc8 26. Qf6 Qc7 27. Bxe4 Bxe4+ 28. Ka2 Bc2 29. Rc1 Qd6 0-1

[Event "Late-Titled-Tuesday-Blitz-March-26-2024"]
[Site "Chess.com"]
[Date "2024.03.26"]
[Round "1"]
[White "aceontheturn"]
[Black "Shiner22"]
[Result "1-0"]
[WhiteElo "2747"]
[BlackElo "2400"]
[TimeControl "180+1"]
[EndTime "14:05:49 PDT"]
[Termination "aceontheturn won by resignation"]

1. e4 c5 2. Nc3 Nc6 3. Bb5 Nd4 4. Bc4 g6 5. Nge2 Bg7 6. Nxd4 cxd4 7. Qf3 Nf6 8. e5 dxc3 9. dxc3 Qb6 10. exf6 Qxf6 11. Qxf6 Bxf6 12. Bh6 e6 13. O-O-O d5 14. Bd3 Bd7 15.
Rhe1 O-O-O 16. Bf4 g5 17. Be5 Bxe5 18. Rxe5 f6 19.
Re3 h5 20. c4 d4 21. Ree1 e5 22. Be4 Bc6 23. f3 Kc7 24. Kd2 h4 25. h3 Rhf8 26. b4 f5 27. Bxc6 bxc6 28. Rxe5 g4 29. Rde1 gxf3 30.
gxf3 Rd7 31. Rc5 a6 32. Re6 Rd6 33. Rxd6 Kxd6 34. Kd3 Rg8 35. Rxf5 Rg3 36. Kxd4 Rxh3 37. Rf6+ Kd7 38. Rh6 Rxf3 39. Rxh4 Rf2 40. Kc5 Rxc2 41. Rh7+ Ke6 42. a4 Ra2 43. a5 Rc2 44. Rc7 1-0

[Event "Late-Titled-Tuesday-Blitz-March-26-2024"]
[Site "Chess.com"]
[Date "2024.03.26"]
[Round "1"]
[White "IriBu"]
[Black "Blackwhite017"]
[Result "1-0"]
[WhiteElo "2567"]
[BlackElo "2089"]
[TimeControl "180+1"]
[EndTime "14:05:52 PDT"]
[Termination "IriBu won on time"]

1. e4 c5 2. Nf3 Nc6 3. Nc3 g6 4. Bb5 Bg7 5. Bxc6 dxc6 6. h3 Nf6 7. O-O O-O 8. d3 Re8 9. Be3 b6 10. Qd2 e5 11. Bh6 Qd6 12. b3 Nh5 13. Bxg7 Kxg7 14. Ne2 h6 15. a4 a5 16. Nh2 Nf4 17. Nxf4 exf4 18. Nf3 g5 19. Qc3+ Qf6 20. e5 Qg6 21. Rfe1 Be6 22. d4 cxd4 23. Nxd4 Bd5 24. f3 h5 25. e6 f6 26. Rad1 g4 27. hxg4 hxg4 28. Qd3 Qxd3 29. Rxd3 gxf3 30. gxf3 Re7 31. Nf5+ Kf8 32.
Nxe7 Kxe7 33. Kf2 Rh8 34. Rg1 Kxe6 35. c4 1-0

[Event "Late-Titled-Tuesday-Blitz-March-26-2024"]
[Site "Chess.com"]
[Date "2024.03.26"]
[Round "1"]
[White "chessamical"]
[Black "Boundless_Strike"]
[Result "0-1"]
[WhiteElo "2263"]
[BlackElo "2608"]
[TimeControl "180+1"]
[EndTime "14:05:53 PDT"]
[Termination "Boundless_Strike won by resignation"]

1. d4 e5 2. dxe5 d6 3. Bf4 Nc6 4. Nf3 Bg4 5. exd6 Qf6 6. Qc1 Bxd6 7. Bxd6 Qxd6 8. Nbd2 O-O-O 9. e3 Nf6 10. Be2 h5 11. h3 Be6 12. a3 Rhg8 13. Nc4 Bxc4 14. Bxc4 g5 15. c3 g4 16. hxg4 Nxg4 17. Bxf7 Rg7 18. Bxh5 Nxf2 19. Qc2 Nxh1 0-1

[Event "Late-Titled-Tuesday-Blitz-March-26-2024"]
[Site "Chess.com"]
[Date "2024.03.26"]
[Round "1"]
[White "TokChess"]
[Black "Iuckyducky"]
[Result "1-0"]
[WhiteElo "2618"]
[BlackElo "2299"]
[TimeControl "180+1"]
[EndTime "14:05:54 PDT"]
[Termination "TokChess won by resignation"]

1. c4 Nf6 2. Nf3 b6 3. g3 Bb7 4. Bg2 c5 5. O-O Nc6 6. Nc3 g6 7. d4 cxd4 8. Nxd4 Rc8 9. b3 Bg7 10.
Bb2 O-O 11. Qd2 a6 12. Rfd1 Qc7 13. Nc2 Rfd8 14. Ne3 Nb4 15. Bxb7 Qxb7 16. a3 Nc6 17. Rac1 Na5 18. Qc2 b5 19. Ncd5 d6 20. Nxf6+ exf6 21. Bc3 Qb6 22. Nd5 1-0

[Event "Late-Titled-Tuesday-Blitz-March-26-2024"]
[Site "Chess.com"]
[Date "2024.03.26"]
[Round "1"]
[White "Keks2017"]
[Black "Christian_Jordan"]
[Result "1-0"]
[WhiteElo "2561"]
[BlackElo "2058"]
[TimeControl "180+1"]
[EndTime "14:05:54 PDT"]
[Termination "Keks2017 won on time"]

1. e4 e6 2. d4 d5 3. e5 c5 4. c3 Bd7 5. Nf3 Qb6 6. a3 cxd4 7. cxd4 Bb5 8. Bxb5+ Qxb5 9. Nc3 Qd7 10. O-O Nc6 11.
Re1 Nge7 12. h4 Nc8 13. h5 h6 14. Qd2 Be7 15. Qf4 O-O 16. Qg4 f5 17. Qg6 Kh8 18.
Ne2 Bd8 19. Nf4 Re8 20. Be3 Bb6 21. Rad1 Nd8 22. Nh4 Ne7 23. Qg3 Nf7 24. Nfg6+ Nxg6 25. hxg6 Nd8 26. Qf3 Kg8 27. Qh5 Qe7 28. f3 Nc6 29. g4 f4 30. Bf2 Rac8 31. Ng2 Na5 32. Nxf4 1-0

[Event "Late-Titled-Tuesday-Blitz-March-26-2024"]
[Site "Chess.com"]
[Date "2024.03.26"]
[Round "1"]
[White "BallottiLuca"]
[Black "stolencandy13"]
[Result "0-1"]
[WhiteElo "2345"]
[BlackElo "2657"]
[TimeControl "180+1"]
[EndTime "14:05:55 PDT"]
[Termination "stolencandy13 won by resignation"]

1. b3 d5 2. Bb2 Nf6 3. e3 c6 4. f4 Bg4 5. Be2 Bxe2 6. Qxe2 Nbd7 7.
Nf3 e6 8. O-O Bd6 9. Ne5 Qc7 10.
Nd3 e5 11. fxe5 Nxe5 12. Nxe5 Bxe5 13. Bxe5 Qxe5 14. Nc3 O-O 15. Qd3 Rad8 16. Rf5 Qe6 17. Raf1 Ne4 18. Ne2 g6 19. R5f4 Qe5 20. b4 a6 21. Nd4 f5 22. a4 Rfe8 23. a5 Qd6 24. c3 Ng5 25. R4f2 Re4 26. Nb3 Rde8 27. Nc5 Rh4 28.
h3 Qg3 0-1

[Event "Late-Titled-Tuesday-Blitz-March-26-2024"]
[Site "Chess.com"]
[Date "2024.03.26"]
[Round "1"]
[White "mitrabhaa"]
[Black "andrzej"]
[Result "1-0"]
[WhiteElo "3061"]
[BlackElo "2524"]
[TimeControl "180+1"]
[EndTime "14:05:56 PDT"]
[Termination "mitrabhaa won by resignation"]

1. Nf3 d5 2. d4 Nf6 3. Bf4 c5 4. e3 Nc6 5. Nbd2 cxd4 6. exd4 Qb6 7. Nb3 Bf5 8. a4 a6 9. a5 Qd8 10. Bd3 Bxd3 11. Qxd3 e6 12. O-O Be7 13. c3 O-O 14. Rfe1 Ne4 15. Ne5 Rc8 16. f3 Nd6 17. Nxc6 Rxc6 18.
Nc5 Qc8 19. b4 Nb5 20. Ra2 Rd8 21. Rae2 Bf8 22. h4 Re8 23. h5 g6 24. hxg6 hxg6 25.
g4 Bd6 26. Qd2 Qc7 27. Bxd6 Nxd6 28. Qh6 Nf5 29. gxf5 Qg3+ 30. Kf1 Qxf3+ 31. Rf2 Qxc3 32. f6 1-0

[Event "Late-Titled-Tuesday-Blitz-March-26-2024"]
[Site "Chess.com"]
[Date "2024.03.26"]
[Round "1"]
[White "rikchessmx"]
[Black "Oleg_Papayan"]
[Result "0-1"]
[WhiteElo "2279"]
[BlackElo "2611"]
[TimeControl "180+1"]
[EndTime "14:05:57 PDT"]
[Termination "Oleg_Papayan won by resignation"]

1. e4 c5 2. Nf3 e6 3. d4 cxd4 4. Nxd4 a6 5. Nc3 Qc7 6. Bd3 Nf6 7. Qe2 h5 8. h3 Nc6 9. Nxc6 bxc6 10. b3 Bb4 11.
Bd2 Qe5 12. f4 Qa5 13. Nb1 Bxd2+ 14. Nxd2 d5 15. O-O h4 16. c4 Bd7 17. exd5 cxd5 18.
cxd5 Nxd5 19. f5 O-O 20. Nc4 Qc3 21. Rac1 Qd4+ 22. Kh1 Nf4 23. Rxf4 Qxf4 24. Rf1 Qg5 25. f6 g6 26. Ne5 Bb5 27. Bxb5 axb5 28. Rf2 b4 29.
Kh2 Qg3+ 30. Kg1 Rac8 31. Nc4 Rfd8 32. Rf3 Qg5 33. Kh2 Rc5 34. Qe4 Rf5 35. Rxf5 gxf5 36. Qe1 Qg3+ 37. Qxg3+ hxg3+ 38. Kxg3 Ra8 39. Kf4 Rxa2 40.
g4 fxg4 41. hxg4 Ra3 42. g5 Rxb3 43. g6 fxg6 44. Ne5 Rb1 45. Kg5 Rg1+ 46. Kh6 b3 47. Nxg6 Rxg6+ 48. Kxg6 b2 49. f7+ Kf8 50. Kf6 b1=Q 51.
Kxe6 Qg6+ 52. Ke5 Qxf7 0-1

[Event "Late-Titled-Tuesday-Blitz-March-26-2024"]
[Site "Chess.com"]
[Date "2024.03.26"]
[Round "1"]
[White "Konavets"]
[Black "banane_verte"]
[Result "1-0"]
[WhiteElo "3154"]
[BlackElo "2534"]
[TimeControl "180+1"]
[EndTime "14:06:00 PDT"]
[Termination "Konavets won by checkmate"]

1. e4 e6 2. d4 d5 3. Nc3 Nf6 4. e5 Nfd7 5. Nce2 c5 6. f4 Nc6 7.
Nf3 a5 8. a4 Qb6 9. c3 cxd4 10.
Nexd4 Nxd4 11. Nxd4 Nc5 12. Bb5+ Bd7 13. O-O Bxb5 14.
axb5 Be7 15. Kh1 O-O 16. f5 exf5 17. Nxf5 Qe6 18. b4 axb4 19. Rxa8 Rxa8 20. cxb4 Nd7 21. Qxd5 Re8 22. Qxb7 Nxe5 23. Bb2 Bf6 24. b6 Ng4 25.
Bd4 Qxf5 26. Rxf5 Bxd4 27. Qxf7+ Kh8 28. Qxe8# 1-0

[Event "Late-Titled-Tuesday-Blitz-March-26-2024"]
[Site "Chess.com"]
[Date "2024.03.26"]
[Round "1"]
[White "expii"]
[Black "RebelJohnny"]
[Result "0-1"]
[WhiteElo "2190"]
[BlackElo "2590"]
[TimeControl "180+1"]
[EndTime "14:06:03 PDT"]
[Termination "RebelJohnny won by resignation"]

1. e4 d6 2. d4 Nf6 3. Nc3 c6 4. Nf3 Bg4 5. Be2 e6 6. O-O Be7 7. h3 Bh5 8. Be3 O-O 9. e5 Nd5 10. Nxd5 cxd5 11. c3 Bxf3 12. Bxf3 dxe5 13. dxe5 Nc6 14.
Bd4 Bg5 15. Qd3 Bf4 16. Rfe1 Qc7 17. Rad1 Bxe5 18. Qe3 Bxd4 19. cxd4 Rac8 20. Rc1 Qb6 21. Red1 Nxd4 22. Rxc8 Nxf3+ 23. gxf3 Rxc8 24. Qxb6 axb6 25. Rd3 Kf8 26. Rb3 Rc6 27. a4 Ke7 28. Kg2 Kd6 29. f4 Kc7 30. Kf3 Rc4 31. Rc3 Rxc3+ 32. bxc3 Kd6 33.
Ke3 Kc5 34. Kd3 h5 35. h4 g6 36. f5 gxf5 37. f4 f6 38. Ke3 Kc4 39. Kd2 e5 40. fxe5 fxe5 0-1